 Dungeon Crawl Stone Soup version 0.22.1-2-g9c5b331383 (webtiles) character file.

180 Jerry the Skirmisher (level 5, -1/28 HPs)
             Began as a Vine Stalker Fighter on Nov 27, 2018.
             Slain by a worker ant (3 damage)
             ... on level 4 of the Dungeon.
             The game lasted 00:04:34 (2756 turns).

Jerry the Skirmisher (Vine Stalker Fighter)         Turns: 2756, Time: 00:04:35

Health: -1/28      AC:  8    Str: 25    XL:     5   Next: 60%
Magic:  0/6        EV:  8    Int:  8    God:
Gold:   255        SH: 10    Dex: 13    Spells: 4/4 levels left

rFire    . . .     SeeInvis .   a - +0 long sword
rCold    . . .     Gourm    .   c - +0 shield
rNeg     . . .     Faith    .   b - +0 scale mail
rPois    .         Spirit   +   (no helmet)
rElec    .         Reflect  .   (no cloak)
rCorr    .         Harm     .   (no gloves)
MR       .....                  q - +1 pair of boots {Fly}
Stlth    ..........             e - amulet of magic regeneration
HPRegen  0.49/turn              (no ring)
MPRegen  0.35/turn              (no ring)

@: mighty, flying
A: fangs 2, regeneration 1, magic shield, antimagic bite, no potion heal 3, rot
immunity
a: Stop Flying


You were on level 4 of the Dungeon.
You were not hungry.

You visited 1 branch of the dungeon, and saw 4 of its levels.

You collected 255 gold pieces.

Inventory:

Hand Weapons
 a - a +0 long sword (weapon)
Armour
 b - a +0 scale mail (worn)
 c - a +0 shield (worn)
 q - a +1 pair of boots of flying (worn)
Jewellery
 e - an amulet of magic regeneration (around neck)
Wands
 t - a wand of random effects (23)
 u - a wand of flame (20)
Scrolls
 h - a scroll of enchant weapon {unknown}
 j - 2 scrolls of magic mapping {unknown}
 k - a scroll of fog {unknown}
 l - 2 scrolls of enchant armour {unknown}
 m - 2 scrolls of remove curse {unknown}
 o - a scroll of teleportation {unknown}
 v - 2 scrolls of identify {unknown}
 w - a scroll of amnesia {unknown}
Potions
 g - a potion of haste {unknown}
 i - a potion of invisibility {unknown}
 n - 2 potions of brilliance {unknown}
 r - 2 potions of lignification {unknown}
 s - a potion of berserk rage {unknown}
 x - a potion of agility {unknown}
Comestibles
 f - 11 rations
 p - 3 chunks of flesh


   Skills:
 + Level 3.4 Fighting
 + Level 2.7 Long Blades
 + Level 3.1 Armour
 + Level 1.6 Dodging
 + Level 3.4 Shields


You had 4 spell levels left.
You didn't know any spells.
Your spell library was empty.

Dungeon Overview and Level Annotations

Branches:
Dungeon (4/15)
 Temple: D:4-7

Altars:
Uskayaw


Innate Abilities, Weirdness & Mutations

You have extremely sharp teeth.
Your natural rate of healing is unusually fast.
When hurt, damage is shared between your health and your magic reserves.
Your bite disrupts and absorbs the magic of your enemies.
Potions cannot restore your health.
You are immune to rotting.


Message History

The orc wizard miscasts a cantrip.
The worker ant barely misses you.
You riposte.
Your shield and scale mail prevent you from hitting the worker ant.
You bite the worker ant, but do no damage.
The worker ant is heavily wounded.
The worker ant bites you but does no damage.
You closely miss the worker ant.
The worker ant is heavily wounded.
The worker ant bites you. You block the worker ant's attack.
You hit the worker ant.
The worker ant is almost dead.
The orc priest calls down the wrath of Beogh upon you.
Beogh smites you!
* * * LOW HITPOINT WARNING * * *
The worker ant closely misses you.
You feel very mighty all of a sudden. The worker ant barely misses you.
The orc wizard casts a spell.
The orc wizard seems to speed up.
The worker ant bites you.
You die...

.......# #..#
.......# ##.#
######## #.# #.##
#####..#####
............#######
.................>.
#######.###.####..
#.. #@# ##.##a# ##
#..#o# .#
######.#o# .#
#........# .#
........o# ##
#..........
#.$....#.###
#......#.#


You could see a worker ant, an orc priest, an orc wizard and an orc.

Vanquished Creatures
  A bullfrog zombie (D:3)
  An orc wizard (D:4)
  An iguana (D:4)
  2 adders
  An ooze (D:3)
  2 worms
  An adder skeleton (D:4)
  A dart slug (D:2)
  2 leopard geckos
  5 orcs (D:3)
  7 bats
  3 giant cockroaches
  5 goblins
  5 hobgoblins
  3 frilled lizards
  10 kobolds
  6 rats (D:1)
56 creatures vanquished.

Notes
Turn   | Place    | Note
-------+----------+-------------------------------------------
     0 | D:1      | Jerry the Vine Stalker Fighter began the quest for the Orb.
     0 | D:1      | Reached XP level 1. HP: 11/11 MP: 2/2
   484 | D:1      | Reached XP level 2. HP: 15/16 MP: 3/3
  1072 | D:2      | Reached XP level 3. HP: 16/19 MP: 4/4
  1929 | D:3      | Reached skill level 1 in Dodging
  2115 | D:3      | Gained mutation: Your natural rate of healing is unusually
                  | fast. [Vine Stalker growth]
  2115 | D:3      | Reached XP level 4. HP: 24/24 MP: 5/5
  2609 | D:4      | Reached XP level 5. HP: 28/28 MP: 6/6
  2641 | D:4      | Found a hide-covered altar of Uskayaw.
  2756 | D:4      | Slain by a worker ant

Skill      XL: |  1  2  3  4 |
---------------+-------------+-----
Long Blades    | 2 |  2.7
Fighting       | 3 |  3.4
Shields        | 3 |  3.4
Dodging        | 1 |  1.6
Armour         | 3 |  3.1

Action                   |  1- 3 |  4- 6 || total
-------------------------+-------+-------++-------
Melee: Long sword        |    94 |    69 ||   163
       Bite              |    28 |    14 ||    42
  Use: Potion            |       |     1 ||     1
  Eat: Chunk             |     2 |     1 ||     3
       Ration            |     1 |       ||     1
Armor: Scale mail        |    51 |    27 ||    78
Dodge: Dodged            |    32 |    26 ||    58
Block: Shield            |    45 |    37 ||    82
       Rpst.: Long sword |    10 |     6 ||    16
